 Dungeon Sprint DCSS version 0.24-a0-243-g8f5f5cd (webtiles) character file.

Game seed: 11721860173064870382

112 MikeHunt the Covert (level 4, -12/39 HPs)
             Began as a Naga Assassin on Apr 10, 2019.
             Was an Initiate of Gozag.
             Splashed by an oklob sapling's acid (14 damage)
             ... in the Dungeon (Sprint IV: "Fedhas' Mad Dash").
             The game lasted 00:01:41 (329 turns).

MikeHunt the Covert (Naga Assassin)                  Turns: 329, Time: 00:01:41

Health: -12/39     AC: -4    Str: 14    XL:     4   Next: 93%
Magic:  4/6        EV:  9    Int: 11    God:    Gozag
Gold:   98         SH:  0    Dex: 13    Spells: 3/3 levels left

rFire    . . .     SeeInvis +   a - +2 dagger
rCold    . . .     Gourm    .   (no shield)
rNeg     . . .     Faith    .   c - +0 robe
rPois    +         Spirit   .   (no helmet)
rElec    .         Reflect  .   d - +0 cloak
rCorr    .         Harm     .   (no gloves)
MR       .....     NoTele   +   (no barding)
Stlth    +++++.....             o - amulet of invisibility {+Inv}
HPRegen  0.13/turn              (no ring)
MPRegen  0.10/turn              (no ring)

@: corroded, very slightly contaminated, invisible, very slow
A: large, see invisible, deformed body, poison resistance, slowness 2, slow
metabolism 1, spit poison 1, AC +1
a: Spit Poison, Potion Petition, Call Merchant, Bribe Branch, Renounce Religion


You were in the Dungeon.
You worshipped Gozag.
Gozag was noncommittal.
You were not hungry.

You visited 1 branch You collected 98 gold pieces.

Inventory:

Hand Weapons
 a - a +2 dagger (weapon)
 b - a +0 blowgun
Missiles
 e - 7 poisoned needles
 f - 2 curare-tipped needles
Armour
 c - a +0 robe (worn)
 d - a +0 cloak (worn)
Jewellery
 o - the amulet of invisibility (around neck) {+Inv}
   (You found it in the Dungeon)

   [amulet of nothing]

   It lets you turn invisible.
Scrolls
 m - a scroll of blinking
 n - a scroll of identify {unknown}
Potions
 h - 2 potions of curing
 i - a potion of heal wounds
 j - a potion of haste
 k - 2 potions of magic
Comestibles
 g - a ration


   Skills:
 - Level 2.0 Fighting
 - Level 5.5 Short Blades
 - Level 1.7 Throwing
 - Level 0.7 Dodging
 + Level 11.5 Stealth
 + Level 3.6 Evocations


You had 3 spell levels left.
You didn't know any spells.
Your spell library was empty.

Dungeon Overview and Level Annotations

Branches:
Dungeon (1/1)

Altars:
Cheibriados
Dithmenos
Elyvilon
Gozag
Hepliaklqana
Kikubaaqudgha
Makhleb
Nemelex Xobeh
Okawaru
Qazlal
Ru
Sif Muna
Trog
Uskayaw
Vehumet
Wu Jian
Xom
Yredelemnul
Zin
The Shining One
Beogh
Jiyva
Lugonu

Annotations:
D exclusion: oklob sapling


Innate Abilities, Weirdness & Mutations

You cannot wear boots.
Your serpentine skin is tough. (AC +1)
You have supernaturally acute eyesight. (SInv)
Armour fits poorly on your strangely shaped body.
Your system is resistant to poisons. (rPois)
You cover ground very slowly.
You have a slow metabolism.
You can spit poison.


Message History

You open the door.
Marking area around the oklob sapling as unsafe for travelling.
An oklob sapling comes into view.
Found 13 gold pieces.
Unknown command.
Found 5 gold pieces.
There is an open door here.
You fade into invisibility!
You are very lightly contaminated with residual magic.
You feel quite a bit more hungry. The oklob sapling spits acid at you.
The splash of acid hits you! The acid corrodes you!
You are splashed with acid!!
* * * LOW HITPOINT WARNING * * *
The oklob sapling spits acid at you. The splash of acid hits you!
* * * LOW HITPOINT WARNING * * *
The acid corrodes you!
You are splashed with acid!
You die...
Your body crumbles into a pile of gold.

################################
#<..P#.....#.....#.⌠._._._._.⌠.#
#PP..†.....'.#...'.._._._._._..+
#PPPP#.....#.#...#..._._._._...#
###############'##.._._._._._..#
+.@.#._._._._._.⌠.#
#$P$############### #####


$$$$ $$ $ You could see an oklob sapling.

Vanquished Creatures
  2 oklob saplings (D)
  A worker ant (D)
  A river rat (D)
  A rat (D)
5 creatures vanquished.

Notes
Turn   | Place    | Note
-------+----------+-------------------------------------------
     0 | D        | MikeHunt the Naga Assassin began the quest for the Orb.
     0 | D        | Reached XP level 1. HP: 19/19 MP: 1/1
    14 | D        | Reached skill level 7 in Stealth
    14 | D        | Reached XP level 2. HP: 26/26 MP: 2/2
    27 | D        | Noticed an oklob sapling
    34 | D        | Reached skill level 9 in Stealth
    34 | D        | Reached XP level 3. HP: 29/32 MP: 3/3
    62 | D        | Killed an oklob sapling
    62 | D        | Reached skill level 5 in Short Blades
    62 | D        | Reached skill level 10 in Stealth
    62 | D        | Reached XP level 4. HP: 39/39 MP: 4/4
    72 | D        | Found the amulet of invisibility {+Inv}
   191 | D        | Found an opulent altar of Gozag.
   191 | D        | Found a hazy altar of Hepliaklqana.
   191 | D        | Found a roughly hewn altar of Beogh.
   191 | D        | Found a snail-covered altar of Cheibriados.
   192 | D        | Found a viscous altar of Jiyva.
   192 | D        | Found a burning altar of Makhleb.
   192 | D        | Found a sparkling altar of Nemelex Xobeh.
   192 | D        | Found a sacrificial altar of Ru.
   192 | D        | Found a deep blue altar of Sif Muna.
   192 | D        | Found a bloodstained altar of Trog.
   192 | D        | Found an ornate altar of the Wu Jian Council.
   192 | D        | Found a shimmering altar of Xom.
   192 | D        | Found a basalt altar of Yredelemnul.
   192 | D        | Noticed an oklob sapling priest
   193 | D        | Found an iron altar of Okawaru.
   193 | D        | Found a shadowy altar of Dithmenos.
   193 | D        | Found a glowing silver altar of Zin.
   194 | D        | Found an ancient bone altar of Kikubaaqudgha.
   194 | D        | Found a hide-covered altar of Uskayaw.
   195 | D        | Found a stormy altar of Qazlal.
   195 | D        | Found a white marble altar of Elyvilon.
   195 | D        | Found a glowing golden altar of the Shining One.
   196 | D        | Became a worshipper of Gozag Ym Sagoz the Greedy
   197 | D        | Found a radiant altar of Vehumet.
   197 | D        | Found a corrupted altar of Lugonu.
   200 | D        | Killed an oklob sapling priest
   200 | D        | Reached skill level 11 in Stealth
   329 | D        | Splashed by an oklob sapling's acid

Levels and vault maps discovered:
D:        dungeon_sprint_fedhas [sprint_temple]

Skill      XL: |  1  2  3  4 |
---------------+-------------+-----
Short Blades   | 3 4 5 |  5.5
Stealth        | 7 9 10 11 | 11.5
Evocations     | 3 |  3.6
Fighting       | |  2.0
Throwing       | |  1.7
Dodging        | |  0.7

Action                   |  1- 3 |  4- 6 || total
-------------------------+-------+-------++-------
Melee: Dagger            |     6 |     1 ||     7
 Fire: Blowgun           |     5 |       ||     5
 Abil: Spit Poison       |     1 |       ||     1
       Evoke Invisibilit |       |     2 ||     2
  Use: Potion            |     1 |       ||     1
 Stab: Sleeping          |       |     1 ||     1
Dodge: Dodged            |     5 |       ||     5

Table legend:
 A = Non-vault XP
 B = Vault XP
 C = Vault XP percentage of total XP
 D = Non-vault monster count
 E = Vault monster count
 F = Vault count percentage of total count
                 A         B        C        D         E       F
            +---------+---------+-------+---------+---------+-------
      Total |       0 |     160 | 100.0 |       0 |       5 | 100.0
            +---------+---------+-------+---------+---------+-------
          D |       0 |     160 | 100.0 |       0 |       5 | 100.0
            +---------+---------+-------+---------+---------+-------
